 Dungeon Crawl Stone Soup version 0.23-a0-641-g0a7f1ce553 (webtiles) character file.

389 Napalmbreeze the Charmwright (level 6, 0/51 HPs)
             Began as a Gnoll Skald on Dec 30, 2018.
             Killed by divine providence
             ... invoked by an orc priest
              (14 damage)
             ... on level 3 of the Dungeon.
             The game lasted 00:11:24 (4987 turns).

Napalmbreeze the Charmwright (Gnoll Skald)          Turns: 4987, Time: 00:11:25

Health: 0/51       AC:  5    Str: 15    XL:     6   Next: 79%
Magic:  0/14       EV: 13    Int: 16    God:
Gold:   164        SH:  0    Dex: 14    Spells: 9/15 levels left

rFire    . . .     SeeInvis .   a - +0 spear
rCold    + . .     Gourm    .   (no shield)
rNeg     . . .     Faith    .   f - +0 ring mail
rPois    .         Spirit   +   (no helmet)
rElec    .         Reflect  .   (no cloak)
rCorr    .         Harm     .   (no gloves)
MR       .....                  (no boots)
Stlth    +.........             h - amulet of guardian spirit
HPRegen  0.17/turn              k - ring of protection from cold
MPRegen  0.14/turn              (no ring)

@: infused
A: distributed training, fangs 1, strong nose
a: no special abilities


You were on level 3 of the Dungeon.
You were not hungry.

You visited 1 branch of the dungeon, and saw 4 of its levels.

You collected 164 gold pieces.

Inventory:

Hand Weapons
 a - a +0 spear (weapon)
 b - a -2 hunting sling
Missiles
 g - 35 stones
 j - 12 sling bullets
 q - 5 tomahawks (quivered)
Armour
 e - a +0 leather armour
 f - a +0 ring mail (worn)
Jewellery
 h - an amulet of guardian spirit (around neck)
 k - a ring of protection from cold (left hand)
Wands
 s - a wand of clouds (4)
 u - a wand of acid (1)
Scrolls
 n - a scroll of blinking {unknown}
 o - a scroll of enchant armour {unknown}
 r - a scroll of fog {unknown}
 t - a scroll of teleportation {unknown}
 v - a scroll of identify
 w - a scroll of remove curse
 x - a scroll of enchant weapon {unknown}
Potions
 c - 3 potions of agility
 i - a potion of brilliance
 z - a potion of invisibility
Comestibles
 d - 7 rations


   Skills:
 + Level 5.0 Fighting
 + Level 2.1 Short Blades
 + Level 2.1 Long Blades
 + Level 2.1 Axes
 + Level 2.1 Maces & Flails
 + Level 5.0 Polearms
 + Level 2.1 Staves
 + Level 2.1 Slings
 + Level 2.1 Bows
 + Level 2.1 Crossbows
 + Level 2.1 Throwing
 + Level 3.3 Armour
 + Level 5.0 Dodging
 + Level 2.1 Stealth
 + Level 2.1 Shields
 + Level 2.1 Unarmed Combat
 + Level 5.4 Spellcasting
 + Level 1.6 Conjurations
 + Level 1.6 Hexes
 + Level 5.7 Charms
 + Level 1.6 Summonings
 + Level 1.6 Necromancy
 + Level 1.6 Translocations
 + Level 1.6 Transmutations
 + Level 1.6 Fire Magic
 + Level 1.6 Ice Magic
 + Level 1.6 Air Magic
 + Level 1.6 Earth Magic
 + Level 1.6 Poison Magic
 + Level 2.3 Invocations
 + Level 2.1 Evocations


You had 9 spell levels left.
You knew the following spells:

 Your Spells              Type           Power        Failure   Level  Hunger
a - Infusion              Chrm           ###.         2%          1    None
q - Song of Slaying       Chrm           ###.....     4%          2    #......
s - Spectral Weapon       Hex/Chrm       ###.....     19%         3    ###....

Your spell library contained the following spells:

 Spells                   Type           Power        Failure   Level  Hunger
 Shroud of Golubria       Chrm/Tloc      ###.......   10%         2    #......
 Regeneration             Chrm/Necr      ###.......   19%         3    ###....


Dungeon Overview and Level Annotations

Branches:
Dungeon (4/15)
 Temple: D:4-7

Altars:
Ashenzari

Annotations:
D:3 Edmund


Innate Abilities, Weirdness & Mutations

Your experience applies equally to all skills.
You have very sharp teeth.
Your uncanny sense of smell can sniff out nearby items.


Message History

Your spectral weapon hits the orc priest.
The orc priest casts a cantrip, but nothing happens.
Unknown command.
The orc barely misses your spectral weapon.
The orc priest misses you.
Your magical contamination has completely faded away.
You climb upwards.
Your summoned ally is left behind.
Your spectral weapon fades away.
Level annotation: Edmund
There is a stone staircase leading down, spattered with blood here.
You barely miss the orc priest.
The orc priest is lightly wounded.
The orc priest calls down the wrath of Beogh upon you.
Beogh smites you!
* * * LOW HITPOINT WARNING * * *
You hit the orc priest. Your bite misses the orc priest.
The orc priest is lightly wounded.
The orc priest invokes the aid of Beogh against you.
Beogh smites you!
You die...

####.............#..####..@..
#....................^.......
####..###....##.....####.....
#..###....##..........##..
#.........................
#####.....................
##.....##..#...###.##.#
#....o..............#.#
#..#..@................
#..#.[###..##.)###.....
#..#...........######.#
#..##.###......##......
#..##.##..............#
#.#.#.##...###.##......
#.#.#.##...............
#.#.#.##...######......
#.#.#.##.#####.........


You could see an orc priest.

Vanquished Creatures
  Sigmund (D:3)
  An orc priest (D:3)
  2 orc wizards (D:3)
  5 adders
  2 oozes
  3 dart slugs
  2 leopard geckos
  3 orcs
  7 bats
  5 giant cockroaches
  11 goblins
  10 hobgoblins
  A quokka (D:3)
  2 ball pythons
  3 frilled lizards
  10 kobolds
  13 rats
81 creatures vanquished.

Notes
Turn   | Place    | Note
-------+----------+-------------------------------------------
     0 | D:1      | Napalmbreeze the Gnoll Skald began the quest for the Orb.
     0 | D:1      | Reached XP level 1. HP: 20/20 MP: 6/6
   220 | D:1      | Reached XP level 2. HP: 26/26 MP: 7/7
   639 | D:1      | Reached XP level 3. HP: 31/31 MP: 9/9
   769 | D:1      | Reached skill level 5 in Spellcasting
  1132 | D:2      | Reached skill level 1 in Invocations
  1263 | D:2      | Found a shattered altar of Ashenzari.
  1418 | D:2      | Reached skill level 1 in Short Blades
  1418 | D:2      | Reached skill level 1 in Long Blades
  1418 | D:2      | Reached skill level 1 in Axes
  1418 | D:2      | Reached skill level 1 in Maces & Flails
  1418 | D:2      | Reached skill level 1 in Staves
  1418 | D:2      | Reached skill level 1 in Slings
  1418 | D:2      | Reached skill level 1 in Bows
  1418 | D:2      | Reached skill level 1 in Crossbows
  1418 | D:2      | Reached skill level 1 in Throwing
  1418 | D:2      | Reached skill level 1 in Stealth
  1418 | D:2      | Reached skill level 1 in Shields
  1418 | D:2      | Reached skill level 1 in Unarmed Combat
  1418 | D:2      | Reached skill level 1 in Evocations
  1679 | D:2      | Reached XP level 4. HP: 37/38 MP: 11/11
  1945 | D:2      | Learned a level 2 spell: Song of Slaying
  1949 | D:2      | Learned a level 3 spell: Spectral Weapon
  2459 | D:3      | Reached skill level 1 in Conjurations
  2459 | D:3      | Reached skill level 1 in Hexes
  2459 | D:3      | Reached skill level 1 in Summonings
  2459 | D:3      | Reached skill level 1 in Necromancy
  2459 | D:3      | Reached skill level 1 in Translocations
  2459 | D:3      | Reached skill level 1 in Transmutations
  2459 | D:3      | Reached skill level 1 in Fire Magic
  2459 | D:3      | Reached skill level 1 in Ice Magic
  2459 | D:3      | Reached skill level 1 in Air Magic
  2459 | D:3      | Reached skill level 1 in Earth Magic
  2459 | D:3      | Reached skill level 1 in Poison Magic
  2919 | D:3      | Noticed Sigmund
  2936 | D:3      | Killed Sigmund
  2936 | D:3      | Reached XP level 5. HP: 15/43 MP: 0/12
  2936 | D:3      | Reached XP level 6. HP: 17/50 MP: 0/13
  3382 | D:4      | Noticed Edmund
  4097 | D:4      | Noticed a phantom
  4142 | D:3      | Reached skill level 5 in Fighting
  4142 | D:3      | Reached skill level 5 in Polearms
  4142 | D:3      | Reached skill level 5 in Dodging
  4147 | D:3      | HP: 2/51 [poisoned by Edmund]
  4987 | D:3      | Killed from afar by an orc priest

Vault maps used:
D:1:      eino_arrival_cavern_a, minmay_ruptured
D:2:      evilmike_ruin_ashenzari
D:3:      uniq_sigmund
D:4:      first_ration, led_sif_pool, uniq_edmund, uniq_natasha

Skill      XL: |  1  2  3  4  5  6 |
---------------+-------------------+-----
Spellcasting   | 5 |  5.4
Invocations    | 1 2 |  2.3
Short Blades   | 1 2 |  2.1
Long Blades    | 1 2 |  2.1
Axes           | 1 2 |  2.1
Maces & Flails | 1 2 |  2.1
Staves         | 1 2 |  2.1
Slings         | 1 2 |  2.1
Bows           | 1 2 |  2.1
Crossbows      | 1 2 |  2.1
Throwing       | 1 2 |  2.1
Stealth        | 1 2 |  2.1
Shields        | 1 2 |  2.1
Unarmed Combat | 1 2 |  2.1
Evocations     | 1 2 |  2.1
Conjurations   | 1 |  1.6
Hexes          | 1 |  1.6
Summonings     | 1 |  1.6
Necromancy     | 1 |  1.6
Translocations | 1 |  1.6
Transmutations | 1 |  1.6
Fire Magic     | 1 |  1.6
Ice Magic      | 1 |  1.6
Air Magic      | 1 |  1.6
Earth Magic    | 1 |  1.6
Poison Magic   | 1 |  1.6
Armour         | 3 |  3.3
Fighting       | 5 |  5.0
Polearms       | 5 |  5.0
Dodging        | 5 |  5.0
Charms         | |  5.7

Action                   |  1- 3 |  4- 6 || total
-------------------------+-------+-------++-------
Melee: Spear             |    90 |   195 ||   285
       Bite              |     5 |    17 ||    22
 Fire: Hunting sling     |    47 |    15 ||    62
 Cast: Song of Slaying   |       |     8 ||     8
       Spectral Weapon   |       |     7 ||     7
       Infusion          |       |     3 ||     3
  Use: Scroll            |     2 |       ||     2
       Potion            |       |     7 ||     7
 Stab: Sleeping          |     2 |     2 ||     4
  Eat: Chunk             |     2 |     6 ||     8
       Ration            |       |     2 ||     2
Armor: Leather armour    |    11 |    22 ||    33
Dodge: Dodged            |    28 |    91 ||   119

Table legend:
 A = Non-vault XP
 B = Vault XP
 C = Vault XP percentage of total XP
 D = Non-vault monster count
 E = Vault monster count
 F = Vault count percentage of total count
                 A         B        C        D         E       F
            +---------+---------+-------+---------+---------+-------
      Total |     314 |     242 |  43.5 |      77 |       4 |   4.9
            +---------+---------+-------+---------+---------+-------
        D:1 |      52 |       4 |   7.1 |      32 |       3 |   8.6
        D:2 |      62 |       0 |   0.0 |      19 |       0 |   0.0
        D:3 |     168 |     238 |  58.6 |      22 |       1 |   4.3
        D:4 |      32 |       0 |   0.0 |       4 |       0 |   0.0
            +---------+---------+-------+---------+---------+-------
